[Event "DFMMLV 2024"]
[Site "Braunfels"]
[Date "2024.05.30"]
[Round "1.1"]
[White "Klek, Hanna Marie"]
[Black "Miljkovic, Jovana"]
[Result "1-0"]
[ECO "B80"]
[WhiteElo "2294"]
[BlackElo "2026"]
[Annotator "RC"]
[PlyCount "49"]
[EventDate "2024.05.30"]
[EventType "team-tourn"]
[EventCountry "GER"]
[SourceTitle "playchess.com"]
[Source "ChessBase"]
[SourceQuality "1"]
[TimeControl "40/5400+30:1800+30"]

1. e4 c5 2. Nf3 d6 3. d4 cxd4 4. Nxd4 Nf6 5. Nc3 a6 6. Be3 e6 7. Qf3 Qc7 8. g4 b5 9. g5 Nfd7 10. a3 Bb7 11. Qh3 g6 12. O-O-O e5 13. Nb3 Nb6 14. f4 N8d7 15. f5 Rc8 16. fxg6 Bxe4 17. gxf7+ Kd8 18. g6 Bxg6 19. Bg5+ Be7 20. Qh4 Nb8 21. Na5 Bxf7 22. Bxe7+ Qxe7 23. Nb7+ Kd7 24. Bh3+ Be6 25. Rxd6+ 1-0

[Event "DFMMLV 2024"]
[Site "Braunfels"]
[Date "2024.05.30"]
[Round "1.2"]
[White "Rieping, Lea"]
[Black "Schneider, Jana"]
[Result "1/2-1/2"]
[ECO "C24"]
[WhiteElo "1966"]
[BlackElo "2300"]
[Annotator "RC"]
[PlyCount "58"]
[EventDate "2024.05.30"]
[EventType "team-tourn"]
[EventCountry "GER"]
[SourceTitle "playchess.com"]
[Source "ChessBase"]
[SourceQuality "1"]
[TimeControl "40/5400+30:1800+30"]

1. e4 e5 2. Bc4 Nf6 3. d3 c6 4. Nf3 d5 5. exd5 cxd5 6. Bb3 Bb4+ 7. Bd2 Bxd2+ 8. Qxd2 Nc6 9. Nc3 O-O 10. O-O-O Bg4 11. h3 Bxf3 12. gxf3 Qd6 13. Ne2 a5 14. a4 Rfc8 15. d4 e4 16. Qf4 Qd8 17. fxe4 Nxe4 18. Rhg1 g6 19. h4 Nb4 20. h5 Ra6 21. hxg6 hxg6 22. Kb1 Rf6 23. Qh6 Qf8 24. Qxf8+ Kxf8 25. f4 Re8 26. c3 Nf2 27. Rd2 Ne4 28. Rdd1 Nf2 29. Rd2 Ne4 1/2-1/2

[Event "DFMMLV 2024"]
[Site "Braunfels"]
[Date "2024.05.30"]
[Round "1.3"]
[White "Hrebenshchykova, Yelyzaveta"]
[Black "Kramer, Helga"]
[Result "1-0"]
[ECO "B01"]
[WhiteElo "2272"]
[BlackElo "2092"]
[Annotator "RC"]
[PlyCount "51"]
[EventDate "2024.05.30"]
[EventType "team-tourn"]
[EventCountry "GER"]
[SourceTitle "playchess.com"]
[Source "ChessBase"]
[SourceQuality "1"]
[TimeControl "40/5400+30:1800+30"]

1. e4 d5 2. exd5 Qxd5 3. Nc3 Qd6 4. d4 Nf6 5. Nf3 Bg4 6. h3 Bf5 7. Ne5 c6 8. g4 Be6 9. Bg2 Nbd7 10. f4 g6 11. O-O h5 12. f5 gxf5 13. gxf5 Bd5 14. Nxd5 Nxe5 15. dxe5 Qd8 16. Nxf6+ exf6 17. Qxd8+ Rxd8 18. exf6 Bc5+ 19. Kh1 Bd4 20. Bg5 O-O 21. c3 Bb6 22. Rad1 Kh7 23. Bf3 Rfe8 24. Rxd8 Rxd8 25. Bxh5 Rd7 26. Re1 1-0

[Event "DFMMLV 2024"]
[Site "Braunfels"]
[Date "2024.05.30"]
[Round "1.5"]
[White "Vidonyak, Nellya"]
[Black "Aden, Dagmar"]
[Result "1-0"]
[ECO "D35"]
[WhiteElo "2098"]
[BlackElo "1875"]
[Annotator "NA RC"]
[PlyCount "93"]
[EventDate "2024.05.30"]
[EventType "team-tourn"]
[EventCountry "GER"]
[SourceTitle "playchess.com"]
[Source "ChessBase"]
[SourceQuality "1"]
[TimeControl "40/5400+30:1800+30"]

1. d4 d5 2. c4 e6 3. Nc3 Nf6 4. Nf3 Nbd7 5. cxd5 exd5 6. Bg5 c6 7. e3 Be7 8. Bd3 h6 9. Bf4 O-O 10. h3 Re8 11. O-O Nf8 12. Rc1 Bd6 13. Be5 Bxe5 14. Nxe5 N6d7 15. Nf3 Nf6 16. b4 a6 17. a4 Qe7 18. b5 axb5 19. axb5 Bd7 20. Ne5 c5 21. Nxd7 N8xd7 22. dxc5 Nxc5 23. Bb1 Red8 24. Ne2 Ne6 25. Qb3 Ra3 26. Qb2 Rda8 27. Rfd1 R3a4 28. Qe5 Qb4 29. Nc3 R4a5 30. Nxd5 Nxd5 31. Rxd5 Ra3 32. Bf5 Nf8 33. Rcd1 Ra2 34. Rb1 Qc4 35. Bd3 Qh4 36. g3 Qa4 37. Rd4 Qa5 38. Bc4 Ra1 39. Rdd1 Rxb1 40. Rxb1 Rd8 41. Qe7 Qd2 42. Qxf7+ Kh7 43. Bb3 Qd7 44. Qg8+ Kg6 45. Rd1 Qe7 46. Qf7+ Qxf7 47. Bxf7+ 1-0

[Event "DFMMLV 2024"]
[Site "Braunfels"]
[Date "2024.05.30"]
[Round "1.6"]
[White "Hielscher, Ursula"]
[Black "Wagner, Margarethe"]
[Result "*"]
[ECO "E45"]
[WhiteElo "1829"]
[BlackElo "2011"]
[Annotator "RC"]
[PlyCount "86"]
[EventDate "2024.05.30"]
[EventType "team-tourn"]
[EventCountry "GER"]
[SourceTitle "playchess.com"]
[Source "ChessBase"]
[SourceQuality "1"]
[TimeControl "40/5400+30:1800+30"]

1. d4 Nf6 2. c4 e6 3. Nc3 Bb4 4. e3 b6 5. Nge2 Ba6 6. a3 Bxc3+ 7. Nxc3 O-O 8. Bd3 d5 9. b3 Nbd7 10. O-O c5 11. Bb2 dxc4 12. bxc4 cxd4 13. exd4 Bb7 14. Qe2 Re8 15. f4 Nf8 16. Nb1 Ng6 17. Nd2 Qd6 18. g3 Qc6 19. Nf3 Ne4 20. Rae1 Nf6 21. h3 Nh5 22. Kh2 Qd6 23. Ne5 Nf6 24. Rf2 Rad8 25. h4 Nd7 26. Bb1 Ndxe5 27. fxe5 Qc7 28. Bd3 Qd7 29. h5 Ne7 30. Qg4 g6 31. Qg5 Nf5 32. Rf4 h6 33. Qg4 g5 34. Bxf5 exf5 35. Rxf5 Qc7 36. Qe2 Ba6 37. Rc1 Rc8 38. Rf6 Re6 39. Rxe6 fxe6 40. Qe4 Bxc4 41. Rc2 Qf7 42. Qg4 Rf8 43. Bc1 Qf1 *

[Event "DFMMLV 2024"]
[Site "Braunfels"]
[Date "2024.05.30"]
[Round "1.7"]
[White "Horvath, Maria"]
[Black "Grabowski, Petra"]
[Result "0-1"]
[ECO "D59"]
[WhiteElo "1929"]
[BlackElo "1791"]
[Annotator "NA RC"]
[PlyCount "80"]
[EventDate "2024.05.30"]
[EventType "team-tourn"]
[EventCountry "GER"]
[SourceTitle "playchess.com"]
[Source "ChessBase"]
[SourceQuality "1"]
[TimeControl "40/5400+30:1800+30"]

1. d4 d5 2. c4 e6 3. Nc3 Nf6 4. Bg5 Be7 5. e3 O-O 6. Nf3 h6 7. Bh4 b6 8. cxd5 Nxd5 9. Bxe7 Qxe7 10. Bd3 Nxc3 11. bxc3 Bb7 12. O-O Nd7 13. Re1 c5 14. e4 Rac8 15. Bb5 Rfd8 16. Qb3 Nf6 17. d5 c4 18. Bxc4 Qc7 19. dxe6 Qxc4 20. Qxc4 Rxc4 21. exf7+ Kf8 22. Nd4 Kxf7 23. e5 Ne4 24. f3 Nxc3 25. Nf5 Rc7 26. Nd6+ Ke6 27. Kf2 Nd5 28. Nb5 Rc2+ 29. Kg3 Ne7 30. Rad1 Nf5+ 31. Kh3 Rdd2 32. Rxd2 Rxd2 33. a4 Bc6 34. Nxa7 Bxa4 35. Re4 Bd7 36. g4 Ne7 37. Rb4 Nd5 38. Rb3 g5 39. f4 Nxf4+ 40. Kg3 Rd3+ 0-1

[Event "DFMMLV 2024"]
[Site "Braunfels"]
[Date "2024.05.30"]
[Round "1.9"]
[White "Rogozenco, Teodora"]
[Black "Voicu-Jagodzinsky, Carmen"]
[Result "0-1"]
[ECO "D59"]
[WhiteElo "1993"]
[BlackElo "2228"]
[Annotator "RC"]
[PlyCount "76"]
[EventDate "2024.05.30"]
[EventType "team-tourn"]
[EventCountry "GER"]
[SourceTitle "playchess.com"]
[Source "ChessBase"]
[SourceQuality "1"]
[TimeControl "40/5400+30:1800+30"]

1. d4 Nf6 2. c4 e6 3. Nc3 d5 4. Bg5 Be7 5. e3 O-O 6. Nf3 h6 7. Bh4 b6 8. cxd5 Nxd5 9. Bxe7 Qxe7 10. Nxd5 exd5 11. Rc1 Be6 12. Be2 Rc8 13. O-O c5 14. dxc5 bxc5 15. b3 a5 16. Bb5 Nd7 17. Qd2 Nf6 18. Ne5 Qb7 19. Qd3 Ne4 20. h3 Nd6 21. Ba4 Rc7 22. Rfd1 Rac8 23. Qe2 Qb4 24. Qa6 c4 25. Bc6 Qc5 26. bxc4 dxc4 27. Bf3 Qxe5 28. Rxd6 c3 29. a3 g6 30. Rb6 Rc5 31. Bc6 Qc7 32. Bb5 c2 33. Bd3 Qe5 34. Bxg6 Rd8 35. Bd3 Qc3 36. Be2 Qd2 37. Rxe6 Qxc1+ 38. Kh2 Qb2 0-1

[Event "DFMMLV 2024"]
[Site "Braunfels"]
[Date "2024.05.30"]
[Round "1.10"]
[White "Kulovana, Eva"]
[Black "Brandt, Carina"]
[Result "1-0"]
[ECO "C08"]
[WhiteElo "2165"]
[BlackElo "2038"]
[Annotator "RC"]
[PlyCount "111"]
[EventDate "2024.05.30"]
[EventType "team-tourn"]
[EventCountry "GER"]
[SourceTitle "playchess.com"]
[Source "ChessBase"]
[SourceQuality "1"]
[TimeControl "40/5400+30:1800+30"]

1. e4 e6 2. d4 d5 3. Nd2 c5 4. exd5 exd5 5. Ngf3 Nf6 6. Bb5+ Bd7 7. Bxd7+ Nbxd7 8. O-O Be7 9. dxc5 a5 10. Nb1 O-O 11. Nc3 Nxc5 12. Be3 a4 13. Rb1 Re8 14. Bd4 Nce4 15. Qd3 Qa5 16. Rfd1 Rac8 17. Nd2 Bb4 18. Ndxe4 dxe4 19. Qg3 Nh5 20. Qe3 f5 21. Bb6 Qe5 22. Nxa4 Bd6 23. g3 Kh8 24. Qb3 Rc6 25. Bd4 Qe7 26. Nc3 f4 27. Nd5 Qd7 28. gxf4 Bxf4 29. Nxf4 Nxf4 30. Kh1 Rd6 31. Qe3 Nd5 32. Qg5 h6 33. Qg3 Rg8 34. Be5 Rc6 35. Rd2 Qe6 36. Rbd1 e3 37. fxe3 Ne7 38. Rd6 Qxa2 39. Rxc6 Nxc6 40. Bc3 Kh7 41. Rd7 Qb1+ 42. Qg1 Qxg1+ 43. Kxg1 b5 44. Rb7 b4 45. Bxb4 Ne5 46. Bc3 Nc4 47. Bd4 Kg6 48. b4 Kf5 49. Rc7 Nd2 50. Kf2 g5 51. Ke2 Ne4 52. b5 Kg4 53. b6 Rb8 54. c4 Kh3 55. c5 Kxh2 56. c6 1-0

[Event "DFMMLV 2024"]
[Site "Braunfels"]
[Date "2024.05.30"]
[Round "1.11"]
[White "Meyer, Bettina"]
[Black "Trunz, Michelle"]
[Result "0-1"]
[ECO "D31"]
[WhiteElo "1981"]
[BlackElo "2048"]
[Annotator "NA RC"]
[PlyCount "111"]
[EventDate "2024.05.30"]
[EventType "team-tourn"]
[EventCountry "GER"]
[SourceTitle "playchess.com"]
[Source "ChessBase"]
[SourceQuality "1"]
[TimeControl "40/5400+30:1800+30"]

1. d4 d5 2. c4 c6 3. Nc3 dxc4 4. e4 b5 5. a3 e6 6. Nf3 Nf6 7. Bg5 Be7 8. Qd2 Bb7 9. Be2 O-O 10. O-O Nbd7 11. e5 Nd5 12. Bxe7 Qxe7 13. Ne4 f6 14. Nd6 Rab8 15. Nxb7 Rxb7 16. Bd1 fxe5 17. dxe5 b4 18. Re1 bxa3 19. bxa3 c3 20. Qg5 Qxg5 21. Nxg5 Rf5 22. Nxe6 Rxe5 23. Ba4 Rb2 24. Nd4 Nf4 25. Nxc6 Rxe1+ 26. Rxe1 c2 27. Nb4 c1=Q 28. Rxc1 Ne2+ 29. Kf1 Nxc1 30. Bxd7 Rd2 31. Bg4 Nd3 32. Nxd3 Rxd3 33. a4 Rd4 34. Be6+ Kf8 35. Bb3 Ke7 36. Ke2 Kd6 37. Bc2 h6 38. g3 Kc5 39. h4 a5 40. Ke3 Kc4 41. Bg6 Rd6 42. Bc2 Kc3 43. Bf5 Kb3 44. f4 Kxa4 45. g4 Kb3 46. Bh7 a4 47. Bg8+ Kb2 48. Ke4 a3 49. Ke5 Rd8 50. Bf7 Rd7 51. Bg8 Rb7 52. g5 Rb5+ 53. Ke4 hxg5 54. hxg5 g6 55. Bf7 a2 56. Kd4 0-1

[Event "DFMMLV 2024"]
[Site "Braunfels"]
[Date "2024.05.30"]
[Round "1.12"]
[White "Hess, Olena"]
[Black "Kotyk, Valeriya"]
[Result "1-0"]
[ECO "A31"]
[WhiteElo "2041"]
[BlackElo "1874"]
[Annotator "NA RC"]
[PlyCount "75"]
[EventDate "2024.05.30"]
[EventType "team-tourn"]
[EventCountry "GER"]
[SourceTitle "playchess.com"]
[Source "ChessBase"]
[SourceQuality "1"]
[TimeControl "40/5400+30:1800+30"]

1. Nf3 Nf6 2. c4 c5 3. d4 cxd4 4. Nxd4 e5 5. Nb5 d5 6. cxd5 Bc5 7. e3 O-O 8. N5c3 Qe7 9. Be2 e4 10. Nd2 Rd8 11. Nb3 Bb4 12. O-O Bxc3 13. bxc3 Rxd5 14. Nd4 Nbd7 15. c4 Rg5 16. f4 exf3 17. Nxf3 Rf5 18. Qd4 Nf8 19. Bb2 Ne6 20. Qh4 Rh5 21. Bxf6 Qxf6 22. Qxh5 Qc3 23. Qe5 Qxe5 24. Nxe5 f6 25. Nf3 Bd7 26. Nd4 Nc5 27. Bf3 Re8 28. Nb3 Ne4 29. Bxe4 Rxe4 30. Nc5 Re7 31. Nxd7 Rxd7 32. Rfd1 Rc7 33. Rac1 Kf7 34. Rd4 Kg6 35. Rcd1 a5 36. a4 h6 37. Rb1 Re7 38. Kf2 1-0

[Event "DFMMLV 2024"]
[Site "Braunfels"]
[Date "2024.05.30"]
[Round "1.13"]
[White "Sural, Ceren"]
[Black "Trunz, Elena"]
[Result "0-1"]
[ECO "D04"]
[WhiteElo "1793"]
[BlackElo "2107"]
[Annotator "RC"]
[PlyCount "108"]
[EventDate "2024.05.30"]
[EventType "team-tourn"]
[EventCountry "GER"]
[SourceTitle "playchess.com"]
[Source "ChessBase"]
[SourceQuality "1"]
[TimeControl "40/5400+30:1800+30"]

1. d4 d5 2. e3 Bf5 3. Nf3 Nf6 4. b3 e6 5. a3 Bd6 6. Bb2 Nbd7 7. Be2 Ne4 8. c4 c6 9. O-O Qf6 10. Nbd2 h5 11. Nxe4 dxe4 12. Nd2 Qg5 13. f4 exf3 14. Nxf3 Qxe3+ 15. Kh1 Nf6 16. Bc1 Qe4 17. Ng5 Qc2 18. Qxc2 Bxc2 19. Ra2 Bg6 20. Bf3 O-O 21. Nh3 e5 22. dxe5 Bxe5 23. Bd2 Rad8 24. Bg5 Rd3 25. b4 Ne4 26. Bxe4 Bxe4 27. Nf2 Rd4 28. Re2 f5 29. Nxe4 fxe4 30. Rc1 Rxc4 31. Rd1 Rd4 32. Rde1 Bd6 33. g3 Re8 34. Re3 a6 35. Rc3 Kf7 36. Be3 Rd3 37. Rc2 Rxa3 38. Rf2+ Kg6 39. g4 hxg4 40. Rg2 g3 41. hxg3 Bxb4 42. Ree2 Rh8+ 43. Rh2 Rxh2+ 44. Kxh2 Bd6 45. Kh3 Kf5 46. g4+ Ke6 47. Kh4 Be5 48. Kg5 Kd5 49. Kf5 c5 50. Bxc5 Rf3+ 51. Kg6 Kxc5 52. Rxe4 Kd5 53. Re1 b5 54. g5 b4 0-1

[Event "DFMMLV 2024"]
[Site "Braunfels"]
[Date "2024.05.30"]
[Round "1.14"]
[White "Freitag, Julia"]
[Black "Tobianski, Karina"]
[Result "1/2-1/2"]
[ECO "D00"]
[WhiteElo "2084"]
[BlackElo "1816"]
[Annotator "NA RC"]
[PlyCount "103"]
[EventDate "2024.05.30"]
[EventType "team-tourn"]
[EventCountry "GER"]
[SourceTitle "playchess.com"]
[Source "ChessBase"]
[SourceQuality "1"]
[TimeControl "40/5400+30:1800+30"]

1. d4 d5 2. e3 Nf6 3. Bd3 Bg4 4. f3 Bh5 5. Ne2 Nbd7 6. Ng3 Bg6 7. f4 e6 8. O-O Bd6 9. Qe2 c5 10. c3 c4 11. Bc2 Bxc2 12. Qxc2 Ng4 13. h3 Qh4 14. Rf3 h5 15. b3 cxb3 16. axb3 O-O 17. Bd2 f5 18. Qd1 Nh6 19. Be1 Qe7 20. Nxh5 Qf7 21. Ng3 Nf6 22. c4 b6 23. Nc3 Rfc8 24. Nb5 Qe7 25. Nxd6 Qxd6 26. Ra4 a5 27. Rf2 Rc6 28. Qd3 Rac8 29. Rc2 Ne4 30. Nxe4 fxe4 31. Qe2 Qe7 32. g4 Nf7 33. Ra1 Nd6 34. Rac1 Qc7 35. c5 bxc5 36. dxc5 Nb7 37. b4 axb4 38. Bxb4 e5 39. Qd2 d4 40. exd4 exf4 41. d5 e3 42. Qe2 Rf6 43. Qf3 Nd8 44. Bc3 Rf7 45. Bd4 Qb7 46. c6 Qb4 47. Bc5 Qb5 48. Bd6 Qb6 49. Kg2 Qd4 50. Rb1 Qd3 51. Rcb2 Nxc6 52. dxc6 1/2-1/2

[Event "DFMMLV 2024"]
[Site "Braunfels"]
[Date "2024.05.30"]
[Round "1.16"]
[White "Schirmbeck, Lilian"]
[Black "Stappenbeck, Nina"]
[Result "1-0"]
[ECO "E91"]
[WhiteElo "1791"]
[BlackElo "1738"]
[Annotator "NA RC"]
[PlyCount "71"]
[EventDate "2024.05.30"]
[EventType "team-tourn"]
[EventCountry "GER"]
[SourceTitle "playchess.com"]
[Source "ChessBase"]
[SourceQuality "1"]
[TimeControl "40/5400+30:1800+30"]

1. d4 Nf6 2. Nf3 g6 3. c4 d6 4. Nc3 Bg7 5. e4 O-O 6. Be2 Nc6 7. d5 Nb4 8. a3 Na6 9. h3 e5 10. g4 Nc5 11. Qc2 c6 12. Be3 cxd5 13. cxd5 a6 14. Bxc5 dxc5 15. Nxe5 Nxd5 16. Nxf7 Bxc3+ 17. bxc3 Rxf7 18. Bc4 Be6 19. Rd1 Rd7 20. Bxd5 Qe7 21. Bxe6+ Qxe6 22. Rxd7 Qxd7 23. O-O Rd8 24. Qb3+ Kg7 25. e5 Qd5 26. Qxd5 Rxd5 27. f4 Kf7 28. Rf3 b5 29. Re3 a5 30. f5 gxf5 31. gxf5 b4 32. cxb4 axb4 33. axb4 cxb4 34. e6+ Ke7 35. f6+ Ke8 36. Rg3 1-0

[Event "DFMMLV 2024"]
[Site "Braunfels"]
[Date "2024.05.30"]
[Round "1.18"]
[White "Kalina, Lena"]
[Black "Hund, Sarah"]
[Result "1/2-1/2"]
[ECO "D36"]
[WhiteElo "1918"]
[BlackElo "1991"]
[Annotator "NA RC"]
[PlyCount "105"]
[EventDate "2024.05.30"]
[EventType "team-tourn"]
[EventCountry "GER"]
[SourceTitle "playchess.com"]
[Source "ChessBase"]
[SourceQuality "1"]
[TimeControl "40/5400+30:1800+30"]

1. d4 d5 2. c4 e6 3. Nc3 Be7 4. Nf3 Nf6 5. cxd5 exd5 6. Bg5 c6 7. Qc2 g6 8. e3 Bf5 9. Bd3 Bxd3 10. Qxd3 Nbd7 11. O-O O-O 12. Rab1 a5 13. a3 Re8 14. b4 axb4 15. axb4 b5 16. Rfc1 Ne4 17. Bf4 Bd6 18. Bxd6 Nxd6 19. Ra1 Qe7 20. Ne2 Nc4 21. Qb3 h5 22. Nf4 h4 23. h3 g5 24. Nd3 f6 25. Nc5 Ndb6 26. Qc2 Kg7 27. Kh1 Kh6 28. Rg1 Nd6 29. Rxa8 Rxa8 30. g3 hxg3 31. Rxg3 Rg8 32. h4 g4 33. Ne1 Nbc4 34. Ng2 Qh7 35. Qxh7+ Kxh7 36. Nf4 Ne4 37. Nxe4 dxe4 38. Rg1 Nd6 39. Rc1 Nc4 40. Ra1 g3 41. Nh5 gxf2 42. Nxf6+ Kh8 43. Nxg8 Nxe3 44. Ne7 f1=Q+ 45. Rxf1 Nxf1 46. Nxc6 Ne3 47. Kg1 Nd5 48. Kf2 Kg7 49. Na7 Kf6 50. Nxb5 Nxb4 51. Nd6 Nc2 52. Ne8+ Ke7 53. Ng7 1/2-1/2

[Event "DFMMLV 2024"]
[Site "Braunfels"]
[Date "2024.05.30"]
[Round "1.19"]
[White "Novikova, Margarita"]
[Black "Krasnopeyeva, Julia"]
[Result "1-0"]
[ECO "B23"]
[WhiteElo "1999"]
[BlackElo "1918"]
[Annotator "NA RC"]
[PlyCount "75"]
[EventDate "2024.05.30"]
[EventType "team-tourn"]
[EventCountry "GER"]
[SourceTitle "playchess.com"]
[Source "ChessBase"]
[SourceQuality "1"]
[TimeControl "40/5400+30:1800+30"]

1. e4 c5 2. Nc3 e6 3. g3 Nc6 4. Bg2 Nf6 5. Nge2 a6 6. a4 Be7 7. O-O h5 8. h3 d6 9. d4 cxd4 10. Nxd4 Bd7 11. Rb1 Qc8 12. Kh2 Nxd4 13. Qxd4 e5 14. Qd1 Qc4 15. Ra1 Rc8 16. Re1 Qb4 17. Kg1 Rc4 18. Ra2 Be6 19. Ra3 Qb6 20. Nd5 Bxd5 21. exd5 Rd4 22. Rd3 Rxa4 23. b3 Ra2 24. Be3 Qc7 25. c4 h4 26. Qb1 Qa5 27. b4 Qa4 28. g4 Qc2 29. Rc1 Qxb1 30. Rxb1 Rc2 31. c5 Kd7 32. g5 Nh5 33. b5 axb5 34. Rxb5 Kc7 35. Rdb3 Ra8 36. Rxb7+ Kd8 37. c6 Nf4 38. Rb8+ 1-0

[Event "DFMMLV 2024"]
[Site "Braunfels"]
[Date "2024.05.30"]
[Round "1.20"]
[White "Mader, Lena"]
[Black "Timofeeva, Galina"]
[Result "1/2-1/2"]
[ECO "A30"]
[WhiteElo "1902"]
[BlackElo "1981"]
[Annotator "NA RC"]
[PlyCount "69"]
[EventDate "2024.05.30"]
[EventType "team-tourn"]
[EventCountry "GER"]
[SourceTitle "playchess.com"]
[Source "ChessBase"]
[SourceQuality "1"]
[TimeControl "40/5400+30:1800+30"]

1. c4 c5 2. g3 Nf6 3. Bg2 g6 4. Nf3 Bg7 5. Nc3 O-O 6. O-O d6 7. d3 Nbd7 8. Rb1 Rb8 9. a3 b6 10. b4 Bb7 11. Bb2 a6 12. Qd2 Ng4 13. Nd5 Bxd5 14. cxd5 Ngf6 15. e4 b5 16. Rfc1 Rc8 17. Bh3 Rc7 18. Bxd7 Qxd7 19. Kg2 Rfc8 20. Rc2 Qd8 21. Rbc1 Qf8 22. Ne1 Nd7 23. f4 Bxb2 24. Rxb2 cxb4 25. Rxc7 Rxc7 26. axb4 Qc8 27. Nf3 Qb7 28. Nd4 Qb6 29. Nf3 Nf6 30. h3 e6 31. dxe6 fxe6 32. Qf2 Qxf2+ 33. Kxf2 d5 34. e5 Ne8 35. Ke3 1/2-1/2

[Event "DFMMLV 2024"]
[Site "Braunfels"]
[Date "2024.05.30"]
[Round "1.22"]
[White "Graf, Ann-Jennifer"]
[Black "Gheng, Simona"]
[Result "0-1"]
[ECO "B23"]
[WhiteElo "1827"]
[BlackElo "1982"]
[Annotator "NA RC"]
[PlyCount "100"]
[EventDate "2024.05.30"]
[EventType "team-tourn"]
[EventCountry "GER"]
[SourceTitle "playchess.com"]
[Source "ChessBase"]
[SourceQuality "1"]
[TimeControl "40/5400+30:1800+30"]

1. e4 c5 2. Nc3 Nc6 3. Nge2 d6 4. d3 g6 5. Be3 Nf6 6. h3 Bg7 7. Qd2 a6 8. f4 b5 9. Rb1 Bb7 10. f5 b4 11. Nd5 Ne5 12. Nxf6+ Bxf6 13. Bg5 Bxg5 14. Qxg5 Qa5 15. Nc1 gxf5 16. Qxf5 b3+ 17. c3 bxa2 18. Ra1 Qb6 19. Qf2 a5 20. Nxa2 Ba6 21. c4 Rb8 22. Rb1 Qb3 23. Nc1 Qb4+ 24. Qd2 Kd7 25. Be2 Rhg8 26. Qxb4 Rxb4 27. O-O Rgb8 28. Rf2 f6 29. Bd1 Bb7 30. Ra1 Bc6 31. Rxa5 Rxb2 32. Rxb2 Rxb2 33. Ra7+ Kd8 34. Ra1 f5 35. Bf3 fxe4 36. Bxe4 Bxe4 37. dxe4 Nxc4 38. Nd3 Rd2 39. Nf4 Ne3 40. Ra8+ Kd7 41. Ra7+ Ke8 42. Ra8+ Kf7 43. Ra3 e5 44. Rxe3 exf4 45. Rf3 Ke6 46. Rxf4 c4 47. Rf3 Ke5 48. Rc3 Kd4 49. Rc1 c3 50. Kf1 c2 0-1

[Event "DFMMLV 2024"]
[Site "Braunfels"]
[Date "2024.05.30"]
[Round "1.25"]
[White "Pavlov, Liliane"]
[Black "Sickmann, Lisa"]
[Result "0-1"]
[ECO "B28"]
[WhiteElo "1846"]
[BlackElo "1980"]
[Annotator "NA RC"]
[PlyCount "56"]
[EventDate "2024.05.30"]
[EventType "team-tourn"]
[EventCountry "GER"]
[SourceTitle "playchess.com"]
[Source "ChessBase"]
[SourceQuality "1"]
[TimeControl "40/5400+30:1800+30"]

1. e4 c5 2. Nc3 a6 3. Nf3 b5 4. d3 e6 5. Bf4 Bb7 6. Ne2 Be7 7. Ng3 Nf6 8. Be2 d6 9. e5 dxe5 10. Nxe5 Qd4 11. Qc1 g5 12. Nxf7 gxf4 13. Nxh8 fxg3 14. hxg3 Nbd7 15. c3 Qe5 16. f4 Qf5 17. Rh2 Ng4 18. Bxg4 Qxg4 19. Kf2 Qg7 20. Qh1 Nf6 21. Rh3 Qxh8 22. Re1 Qg8 23. Ke2 O-O-O 24. Kd2 Qg6 25. Kc1 Qxd3 26. g4 Qd2+ 27. Kb1 Be4+ 28. Ka1 Bxg2 0-1

[Event "DFMMLV 2024"]
[Site "Braunfels"]
[Date "2024.05.30"]
[Round "1.26"]
[White "Koehler, Inken"]
[Black "Albayrak, Berrak"]
[Result "*"]
[ECO "E04"]
[WhiteElo "2014"]
[BlackElo "1850"]
[Annotator "NA RC"]
[PlyCount "20"]
[EventDate "2024.05.30"]
[EventType "team-tourn"]
[EventCountry "GER"]
[SourceTitle "playchess.com"]
[Source "ChessBase"]
[SourceQuality "1"]
[TimeControl "40/5400+30:1800+30"]

1. d4 d5 2. c4 e6 3. Nf3 Nf6 4. g3 Bb4+ 5. Bd2 a5 6. Bg2 dxc4 7. Bxb4 axb4 8. Ne5 O-O 9. O-O Ra7 10. Nxc4 b6 *

[Event "DFMMLV 2024"]
[Site "Braunfels"]
[Date "2024.05.30"]
[Round "1.27"]
[White "Bauer, Laura Sophie"]
[Black "Braeutigam, Katerina"]
[Result "*"]
[ECO "E95"]
[WhiteElo "1874"]
[BlackElo "1988"]
[Annotator "NA RC"]
[PlyCount "20"]
[EventDate "2024.05.30"]
[EventType "team-tourn"]
[EventCountry "GER"]
[SourceTitle "playchess.com"]
[Source "ChessBase"]
[SourceQuality "1"]
[TimeControl "40/5400+30:1800+30"]

1. d4 Nf6 2. c4 g6 3. Nc3 Bg7 4. e4 d6 5. Be2 O-O 6. Nf3 e5 7. O-O Nbd7 8. Re1 Re8 9. d5 Nc5 10. Qc2 a5 *

[Event "DFMMLV 2024"]
[Site "Braunfels"]
[Date "2024.05.30"]
[Round "1.29"]
[White "Reich, Elisabeth"]
[Black "Mundt, Alexandra"]
[Result "0-1"]
[ECO "B40"]
[WhiteElo "1797"]
[BlackElo "1874"]
[Annotator "NA COMBH RC"]
[PlyCount "55"]
[EventDate "2024.05.30"]
[EventType "team-tourn"]
[EventCountry "GER"]
[SourceTitle "playchess.com"]
[Source "ChessBase"]
[SourceQuality "1"]
[TimeControl "40/5400+30:1800+30"]

1. e4 c5 2. b3 Nc6 3. Bb2 e6 4. Nf3 Nf6 5. d3 Be7 6. g3 b6 7. Bg2 Bb7 8. O-O O-O 9. Nbd2 Qc7 10. Re1 d6 11. Nf1 Rac8 12. Rc1 b5 13. c4 Qb6 14. Qd2 e5 15. Ne3 a6 16. Nf5 Ne8 17. cxb5 axb5 18. d4 exd4 19. N3xd4 Bf6 20. Nxc6 Bxb2 21. Nce7+ Kh8 22. Qxb2 Rd8 23. Nd5 Qc6 24. Rcd1 f6 25. Rd2 Nc7 26. Nxc7 Qxc7 27. Red1 Rfe8 {[%emt 0:02:10] 10.68} 28. Nxd6 0-1

[Event "DFMMLV 2024"]
[Site "Braunfels"]
[Date "2024.05.30"]
[Round "1.30"]
[White "Rosmait, Emily"]
[Black "Spiel, Marianne"]
[Result "1/2-1/2"]
[ECO "C06"]
[WhiteElo "1896"]
[BlackElo "1890"]
[Annotator "NA RC"]
[PlyCount "77"]
[EventDate "2024.05.30"]
[EventType "team-tourn"]
[EventCountry "GER"]
[SourceTitle "playchess.com"]
[Source "ChessBase"]
[SourceQuality "1"]
[TimeControl "40/5400+30:1800+30"]

1. e4 e6 2. d4 d5 3. Nd2 Nf6 4. e5 Nfd7 5. Bd3 c5 6. c3 Nc6 7. Ne2 cxd4 8. cxd4 f6 9. exf6 Nxf6 10. O-O Bd6 11. Nf3 O-O 12. h3 Bd7 13. Be3 Rc8 14. Rc1 Be8 15. Ng5 Qd7 16. Bb1 Bh5 17. g4 Bf7 18. Bf4 Bxf4 19. Nxf4 g6 20. Re1 Rce8 21. Nd3 Qe7 22. Ne5 Nxe5 23. dxe5 Nd7 24. Qd2 Rc8 25. h4 Kg7 26. h5 gxh5 27. Nxh7 Rxc1 28. Qxc1 Rh8 29. Nf6 Nxe5 30. Rxe5 Qxf6 31. Rg5+ Kf8 32. Qc8+ Be8 33. Qc5+ Qe7 34. Qe3 hxg4 35. Qf4+ Qf7 36. Qd6+ Qe7 37. Qf4+ Qf7 38. Qd6+ Qe7 39. Qf4+ 1/2-1/2

[Event "DFMMLV 2024"]
[Site "Braunfels"]
[Date "2024.05.30"]
[Round "1.31"]
[White "Neumeier, Valentina"]
[Black "Freter, Anke"]
[Result "1/2-1/2"]
[ECO "B26"]
[WhiteElo "1802"]
[BlackElo "1918"]
[Annotator "NA RC"]
[PlyCount "94"]
[EventDate "2024.05.30"]
[EventType "team-tourn"]
[EventCountry "GER"]
[SourceTitle "playchess.com"]
[Source "ChessBase"]
[SourceQuality "1"]
[TimeControl "40/5400+30:1800+30"]

1. e4 c5 2. Nc3 Nc6 3. g3 g6 4. Bg2 Bg7 5. d3 d6 6. Nge2 e6 7. Be3 Nd4 8. Qd2 Ne7 9. Nd1 Nec6 10. c3 Nxe2 11. Qxe2 Rb8 12. a4 a6 13. O-O h5 14. h4 O-O 15. Qd2 Ne5 16. f3 b5 17. axb5 axb5 18. Nf2 b4 19. f4 Nc6 20. e5 Na5 21. Qc2 Bb7 22. exd6 Bxg2 23. Kxg2 bxc3 24. bxc3 Nb3 25. Rab1 Qxd6 26. Ne4 Qc6 27. Kh2 c4 28. d4 Rb7 29. Nd2 Rfb8 30. Nxb3 cxb3 31. Qd3 Ra8 32. Rf2 Ra2 33. Rfb2 Rc7 34. Bd2 Rb7 35. Rxb3 Rxb3 36. Rxb3 Qa4 37. Rb1 Bf8 38. Kh3 Kg7 39. Be3 Rc2 40. Rc1 Rb2 41. Rd1 Qc6 42. d5 exd5 43. Qxd5 Qc8+ 44. Qd7 Qa8 45. Qd5 Qc8+ 46. Qd7 Qa8 47. Qd5 Qc8+ 1/2-1/2